Map: Ruins of Endion

Players

SpaceMarine - Winner!

  • Race: Protoss Protoss
  • League: Grandmaster

Miszu

  • Race: Terran Terran
  • League: Grandmaster

VOD

Have the link to the VOD?

Description

Time

  • Played on: May 17, 2016, 8:02 a.m.
  • Length: 8:54
Show
View Real Time Build Order
Export as new Build Order

SpaceMarine Protoss - Winner!

Build Orders: 1 Gate Expand 

Get SALT Encoding   

  12  0:01  Probe (Chrono Boost)  
  13  0:12  Probe (Chrono Boost)  
  14  0:18  Pylon  
  14  0:22  Probe (Chrono Boost)  
  15  0:36  Probe (Chrono Boost)  
  16  0:44  Gateway  
  16  0:46  Probe (Chrono Boost), Assimilator  
  18  0:57  Probe (Chrono Boost)  
  18  1:07  Probe (Chrono Boost)  
  19  1:19  Nexus  
  19  1:30  Probe (Chrono Boost)  
  19  1:32  Cybernetics Core  
  20  1:36  Assimilator  
  20  1:41  Probe (Chrono Boost)  
  20  1:46  Pylon  
  21  1:51  Probe (Chrono Boost)  
  24  2:08  Mothership Core (Chrono Boost)  
  24  2:10  Warp Gate  
  24  2:13  Forge  
  24  2:19  Adept  
  26  2:26  Probe (Chrono Boost)  
  27  2:31  Probe (Chrono Boost)  
  29  2:37  Probe (Chrono Boost)  
  29  2:38  Robotics Facility  
  29  2:42  Probe (Chrono Boost)  
  30  2:47  Probe (Chrono Boost)  
  31  2:51  Protoss Ground Weapons Level 1 (Chrono Boost)  
  31  2:52  Probe (Chrono Boost)  
  32  3:03  Gateway  
  32  3:09  Gateway  
  32  3:15  Probe x2 (Chrono Boost)  
  34  3:25  Probe x2 (Chrono Boost)  
  36  3:27  Warp Prism  
  38  3:36  Probe x2 (Chrono Boost)  
  38  3:40  Pylon  
  40  3:45  Probe  
  40  3:47  Probe  
  42  3:53  Twilight Council  
  42  3:55  Probe  
  42  3:59  Probe  
  42  4:00  Assimilator  
  42  4:01  Assimilator  
  44  4:06  Probe  
  45  4:12  Adept x3  
  45  4:14  Probe  
  52  4:17  Probe  
  52  4:18  Pylon  
  53  4:25  Observer (Chrono Boost)  
  53  4:30  Pylon  
  54  4:36  Probe x2  
  56  4:39  Adept x3  
  52  4:47  Warp Prism (Chrono Boost)  
  52  4:48  Protoss Ground Weapons Level 2  
  52  4:49  Probe  
  52  4:52  Blink (Chrono Boost), Probe  
  50  4:57  Adept x2  
  54  5:00  Adept  
  54  5:01  Probe  
  57  5:08  Gateway  
  57  5:11  Gateway  
  57  5:20  Dark Shrine, Observer  
  57  5:24  Sentry  
  57  5:26  Adept x2  
  64  5:31  Pylon  
  64  5:40  Immortal  
  68  5:51  Pylon  
  68  5:59  Stalker x3  
  74  6:17  Immortal  
  77  6:30  Stalker x3  
  77  6:31  Stalker  
  85  6:33  Pylon  
  85  6:50  Nexus  
  85  6:53  Dark Templar x2, Pylon  
  89  6:55  Dark Templar x2  
  89  6:56  Pylon  
  87  7:10  Nexus  
  77  7:16  Warp Prism  
  77  7:23  Probe x2  
  77  7:26  Resonating Glaives (Chrono Boost)  
  79  7:31  Stalker x4  
  79  7:32  Stalker  
  83  7:41  Probe x2  
  85  7:47  Immortal  
  85  7:54  Adept  
  85  7:55  Adept x2  
  85  7:56  Adept  
  87  8:30  Adept  
  87  8:31  Adept x3  
  87  8:32  Probe  
  87  8:33  Probe  
  87  8:34  Probe  
Show
View Real Time Build Order
Export as new Build Order

Miszu Terran 

Build Orders:  

Get SALT Encoding   

  12  0:02  SCV  
  14  0:14  SCV  
  14  0:18  Supply Depot  
  14  0:26  SCV  
  15  0:40  SCV  
  15  0:41  Barracks  
  16  0:44  Refinery  
  16  0:52  SCV  
  18  1:04  SCV  
  18  1:16  Command Center  
  18  1:20  SCV  
  19  1:29  Marine  
  19  1:32  Orbital Command  
  20  1:44  Barracks  
  20  1:52  Marine  
  21  1:55  Barracks  
  21  1:58  SCV  
  22  2:10  SCV  
  23  2:16  Refinery  
  23  2:18  Refinery  
  23  2:28  Marine, SCV, Orbital Command  
  25  2:31  Marine  
  25  2:35  Supply Depot  
  26  2:40  SCV  
  26  2:43  Marine  
  28  2:46  Marine  
  28  2:49  Barracks Tech Lab  
  29  2:52  SCV  
  29  2:54  SCV  
  31  3:00  Marine  
  31  3:03  Marine  
  31  3:04  SCV  
  34  3:06  Supply Depot  
  34  3:10  Stimpack  
  34  3:12  SCV  
  35  3:16  Marine, SCV  
  35  3:18  Marine  
  38  3:23  Marine  
  38  3:24  SCV  
  40  3:30  Factory  
  40  3:35  Supply Depot, Marine  
  40  3:36  Marine  
  40  3:40  Marine, SCV  
  45  3:41  SCV  
  45  3:52  SCV  
  45  3:53  Marine, SCV  
  45  3:54  Marine  
  49  3:57  Supply Depot  
  49  3:58  Marine  
  49  4:01  Refinery  
  50  4:05  Engineering Bay, SCV  
  50  4:06  SCV  
  52  4:10  Marine  
  52  4:12  Marine  
  52  4:15  Starport  
  55  4:17  SCV  
  55  4:18  SCV  
  55  4:20  Factory Reactor  
  55  4:22  Marine  
  57  4:28  Supply Depot  
  57  4:29  Marauder, SCV  
  57  4:30  Barracks Reactor  
  61  4:31  SCV  
  59  4:43  SCV  
  53  4:49  SCV  
  54  4:53  Marauder  
  54  4:55  SCV  
  55  5:00  Terran Infantry Weapons Level 1  
  55  5:02  SCV, Factory Reactor  
  55  5:03  Medivac x2  
  60  5:07  SCV  
  60  5:09  Marine  
  60  5:10  Supply Depot, Marine  
  60  5:14  Marauder, SCV  
  66  5:20  SCV  
  67  5:24  Marine  
  67  5:27  SCV  
  67  5:28  Marine, Command Center  
  70  5:29  Marine  
  70  5:34  Refinery, SCV  
  72  5:36  Medivac  
  72  5:40  SCV  
  72  5:42  Supply Depot  
  75  5:46  SCV  
  76  5:54  SCV  
  77  5:58  Marine x2, Marauder  
  79  6:04  Marine  
  80  6:12  Medivac x2  
  81  6:19  SCV x2  
  81  6:20  Marine, Marauder  
  83  6:30  Liberator  
  83  6:31  Supply Depot, SCV  
  83  6:32  SCV  
  85  6:35  Supply Depot  
  83  6:41  Marauder  
  84  6:55  Marine  
  84  6:56  Marine x2  
  85  7:03  Marauder  
  75  7:12  SCV x2  
  75  7:13  Marine, Missile Turret  
  63  7:18  Liberator  
  63  7:21  Missile Turret  
  63  7:24  Marauder, SCV x2, Orbital Command  
  63  7:25  Missile Turret  
  68  7:36  SCV  
  70  7:40  Marine x3  
  71  7:45  Marauder  
  71  7:48  SCV x2  
  71  7:50  SCV  
  76  7:59  Barracks, Missile Turret  
  76  8:00  SCV x2  
  66  8:22  Marauder  
  66  8:26  Marine  
  55  8:31  Marine x2  
Tags
 
Add a new tag
Caveats
  • Supply blocks, unpowered buildings, or Contaminate may cause inaccurate times.
  • Supply counts are checked every 10 seconds.